 Dungeon Crawl Stone Soup version 0.20.1-1-g8b1a95d (webtiles) character file.

414 manon the Slasher (level 6, 0/56 HPs)
             Began as a Minotaur Fighter on Oct 30, 2017.
             Was a Follower of Uskayaw.
             Slain by an ogre
             ... wielding a +0 giant club
              (20 damage)
             ... on level 4 of the Dungeon.
             The game lasted 00:13:12 (2198 turns).

manon the Slasher (Minotaur Fighter)                Turns: 2198, Time: 00:13:12

Health: 0/56       AC: 11    Str: 20    XL:     6   Next: 60%
Magic:  15/15      EV:  5    Int:  5    God:    Uskayaw [*.....]
Gold:   207        SH:  9    Dex: 12    Spells: 5/5 levels left

rFire    . . .     SeeInvis .   a - +0 long sword
rCold    . . .     Gourm    .   c - +0 shield
rNeg     . . .     Faith    .   u - +0 chain mail
rPois    .         Spirit   .   (helmet restricted)
rElec    .         Reflect  .   k - +0 cloak
rCorr    .         Harm     .   C - +0 pair of gloves
MR       .....                  (no boots)
Stlth    ..........             (no amulet)
Regen    0.2/turn               y - ring of magical power
MPRegen  0.2/turn               (no ring)

@: no status effects
A: retaliatory headbutt, horns 2
a: Stomp, Renounce Religion


You were on level 4 of the Dungeon.
You worshipped Uskayaw.
Uskayaw was noncommittal.
You were hungry.

You visited 1 branch of the dungeon, and saw 4 of its levels.

You collected 207 gold pieces.

Inventory:

Hand Weapons
 a - a +0 long sword (weapon)
 b - a +0 blowgun
 F - a +0 hunting sling
Missiles
 o - 31 arrows
 q - 32 sling bullets
 B - 7 bolts
 D - 11 poisoned needles
 H - 8 tomahawks (quivered)
Armour
 c - a +0 shield (worn)
 k - a +0 cloak (worn)
 r - a +0 scale mail
 u - a +0 chain mail (worn)
 C - a +0 pair of gloves (worn)
Jewellery
 y - a ring of magical power (left hand)
Wands
 j - a wand of confusion (28/48)
Scrolls
 e - 3 scrolls of amnesia
 g - a scroll of fog
 i - a scroll of teleportation
 l - a scroll of remove curse
 n - a scroll of fear {unknown}
 t - 2 scrolls of magic mapping
 v - 2 scrolls of blinking {unknown}
 G - a scroll of identify
Potions
 d - a potion of might
 h - 2 potions of flight
 p - 2 potions of curing
 s - a potion of magic {unknown}
 x - 2 potions of lignification {unknown}
 z - a potion of cancellation {unknown}
 E - 2 potions of brilliance {unknown}
Comestibles
 f - 2 bread rations
 m - a royal jelly
 w - 2 meat rations
 A - 2 fruits


   Skills:
 + Level 5.3 Fighting
 * Level 6.6 Long Blades
 - Level 3.6 Armour
 - Level 3.6 Shields
 + Level 1.8 Invocations
 + Level 1.7 Evocations


You had 5 spell levels left.
You didn't know any spells.

Dungeon Overview and Level Annotations

Branches:
Dungeon (4/15)
 Temple: D:4-7

Altars:
Fedhas
Gozag
Kikubaaqudgha
Uskayaw


Innate Abilities, Weirdness & Mutations

You reflexively headbutt those who attack you in melee.
You have a pair of horns on your head.


Message History

You barely miss the adder skeleton.
Your headbutt misses the adder skeleton.
The adder skeleton is almost destroyed.
The adder skeleton barely misses you. You furiously retaliate!
You headbutt the adder skeleton!
You destroy the adder skeleton!
An ogre comes into view. It is wielding a giant club.
The ogre shouts!
Found a scroll of identify.
Found a potion of curing and a club.
The ogre hits you with a giant club!!
Ouch! That really hurt!
You are too injured to fight recklessly!
You are too injured to fight recklessly!
You barely miss the ogre. Your headbutt misses the ogre.
The ogre hits you with a giant club!
You slash the ogre!
The ogre is moderately wounded.
The ogre hits you with a giant club!!
You die...

#+##+,,,**,,,,,,,,,,,,,,**,****
....*****...........*****,,*
.⌠.#**,*...........#####,,**
...###,#...[.......)....,**
#..#*.,#................**
....,.##................*
###*,..#......)....!....*
..####...........O......*
................@.......*
..###..#................*
#.##.))#.......###......*
#.)..÷<)....##..#####.##*
#.)).))...#.##...# *,#
..#............#.# *,*
.#........######.# *,*
..(.......#### #.# *,*
#####........# #.###### ***


You could see an ogre.

Vanquished Creatures
  Duvessa (D:4)
  Dowan (D:4)
  An orc priest (D:4)
  An iguana (D:4)
  A worker ant (D:4)
  2 orc wizards (D:4)
  A hound zombie (D:3)
  2 adders
  An ooze (D:1)
  An adder skeleton (D:4)
  3 worms
  3 dart slugs
  A leopard gecko (D:2)
  7 orcs (D:4)
  5 giant cockroaches
  7 goblins
  7 hobgoblins
  6 jackals
  7 kobolds
  2 quokkas
  2 ball pythons (D:3)
  3 bats
  3 frilled lizards
  7 rats
75 creatures vanquished.

Notes
Turn   | Place    | Note
-------+----------+-------------------------------------------
     0 | D:1      | manon the Minotaur Fighter began the quest for the Orb.
     0 | D:1      | Reached XP level 1. HP: 19/19 MP: 0/0
   113 | D:1      | Reached skill level 3 in Long Blades
   119 | D:1      | Reached XP level 2. HP: 26/27 MP: 1/1
   661 | D:1      | Reached XP level 3. HP: 26/33 MP: 2/2
   678 | D:2      | Reached skill level 4 in Long Blades
   697 | D:2      | Found a blossoming altar of Fedhas.
   698 | D:2      | Found an ancient bone altar of Kikubaaqudgha.
   832 | D:2      | Found a faded altar of an unknown god.
   887 | D:2      | Found a hide-covered altar of Uskayaw.
   910 | D:2      | Became a worshipper of Uskayaw the Reveler
  1227 | D:3      | Reached * piety under Uskayaw
  1237 | D:3      | Reached ** piety under Uskayaw
  1241 | D:3      | Found an opulent altar of Gozag.
  1352 | D:3      | Reached XP level 4. HP: 41/41 MP: 3/3
  1662 | D:3      | Reached skill level 5 in Long Blades
  1837 | D:4      | Reached XP level 5. HP: 40/47 MP: 4/4
  1872 | D:4      | Noticed Duvessa
  1872 | D:4      | Noticed Dowan
  1896 | D:4      | Killed Duvessa
  1896 | D:4      | Reached skill level 5 in Fighting
  1896 | D:4      | Reached skill level 6 in Long Blades
  1896 | D:4      | Reached skill level 1 in Invocations
  1896 | D:4      | Reached skill level 1 in Evocations
  1896 | D:4      | Reached XP level 6. HP: 11/56 MP: 2/5
  1898 | D:4      | Reached *** piety under Uskayaw
  1899 | D:4      | Killed Dowan
  1899 | D:4      | Reached **** piety under Uskayaw
  2198 | D:4      | Slain by an ogre

Skill      XL: |  1  2  3  4  5 |
---------------+----------------+-----
Long Blades    | 3 4 5 6 |  6.6
Fighting       | 4 5 |  5.3
Invocations    | 1 |  1.8
Evocations     | 1 |  1.7
Armour         | |  3.6
Shields        | |  3.6

Action                   |  1- 3 |  4- 6 || total
-------------------------+-------+-------++-------
Melee: Long sword        |    97 |    78 ||   175
       Headbutt          |    10 |    15 ||    25
Invok: Stomp             |       |     6 ||     6
       Line Pass         |       |     1 ||     1
  Use: Scroll            |     1 |     6 ||     7
       Potion            |       |     2 ||     2
 Stab: Paralysed         |       |     1 ||     1
  Eat: Chunk             |     2 |     3 ||     5
Armor: Scale mail        |    26 |       ||    26
       Chain mail        |    19 |    59 ||    78
Dodge: Dodged            |    26 |    24 ||    50
Block: Shield            |    47 |    56 ||   103
       Rpst.: Long sword |     2 |     5 ||     7
